 Dungeon Crawl Stone Soup version 0.29-a0-91-gdebf4667c2 (webtiles) character file.

Game seed: 17396449669558313402

7067 gruber the Frost Mage (level 10, -2/71 HPs)
             Began as a Demonspawn Ice Elementalist on Feb 7, 2022.
             Was a Priest of Makhleb.
             Slain by an orc knight (31 damage)
             ... on level 10 of the Dungeon.
             The game lasted 00:17:53 (10286 turns).

gruber the Frost Mage (DsIE)                       Turns: 10286, Time: 00:17:54

Health: -2/71      AC:  9    Str:  9    XL:     10   Next: 83%
Magic:  3/19       EV: 13    Int: 26    God:    Makhleb [***...]
Gold:   769        SH: 16    Dex: 14    Spells: 6/21 levels left

rFire   . . .      SeeInvis +   i - staff of cold
rCold   + . .      Faith    .   v - +1 kite shield "Cief" {Int+6}
rNeg    . . .      Spirit   .   a - +0 robe
rPois   +          Reflect  .   u - +2 helmet {SInv}
rElec   .          Harm     .   c - +2 cloak
rCorr   .          Rampage  .   (no gloves)
Will    .....                   o - +0 pair of boots
Stlth   ++........              (no amulet)
HPRegen 0.21/turn               k - ring of poison resistance
MPRegen 0.16/turn               (no ring)

@: studying Maces & Flails
A: large bone plates 2, ignite blood 2, spiny 1
a: Renounce Religion, Minor Destruction, Lesser Servant of Makhleb


You were on level 10 of the Dungeon.
You worshipped Makhleb.
Makhleb was most pleased with you.
You visited 2 branches of the dungeon, and saw 11 of its levels.

You collected 769 gold pieces.

Inventory:

Missiles
 m - a throwing net
Armour
 a - a +0 robe (worn)
 c - a +2 cloak (worn)
 o - a +0 pair of boots (worn)
 p - a +0 helmet
 u - a +2 helmet of see invisible (worn)
 v - the +1 kite shield "Cief" (worn) {Int+6}
   (You found it on level 6 of the Dungeon)

   Int:       It affects your intelligence (+6).
Magical Staves
 i - a staff of cold (weapon)
Jewellery
 k - a ring of poison resistance (left hand)
 C - a ring of protection from fire
Wands
 q - a wand of polymorph (7)
 y - a wand of charming (7)
 A - a wand of iceblast (14)
 B - a wand of flame (24)
Scrolls
 b - 3 scrolls of enchant weapon {unknown}
 d - a scroll of enchant armour {unknown}
 e - 5 scrolls of identify {unknown}
 g - a scroll of holy word {unknown}
 j - a scroll of fear {unknown}
 n - 3 scrolls of teleportation {unknown}
 r - 5 scrolls of vulnerability {unknown}
 x - a scroll of silence {unknown}
 z - a scroll of immolation {unknown}
Potions
 f - 4 potions of haste
 h - a potion of invisibility {unknown}
 l - 2 potions of heal wounds {unknown}
 s - a potion of attraction {unknown}
 t - a potion of mutation {unknown}
 w - a potion of flight {unknown}
 D - a potion of brilliance {unknown}


   Skills:
 - Level 4.0 Fighting
 - Level 0.1 Short Blades
 - Level 0.1(0.2) Long Blades
 - Level 0.8 Axes
 - Level 6.2 Staves
 - Level 0.1 Slings
 - Level 0.1 Bows
 - Level 0.1 Crossbows
 * Level 1.3 Armour
 - Level 7.1 Dodging
 - Level 1.7 Stealth
 - Level 5.1 Shields
 - Level 6.0 Spellcasting
 - Level 0.1 Hexes
 - Level 0.1 Necromancy
 - Level 0.1 Translocations
 - Level 0.1 Transmutations
 - Level 0.2 Fire Magic
 - Level 8.3 Ice Magic
 - Level 0.3 Air Magic
 - Level 0.6 Earth Magic
 - Level 0.1 Poison Magic
 - Level 3.9 Invocations


You had 6 spell levels left.
You knew the following spells:

 Your Spells              Type           Power      Damage    Failure   Level
a - Freeze                Ice            100%       1d11      1%          1
b - Frozen Ramparts       Ice            100%       1d12      1%          3
c - Ozocubu's Armour      Ice            67%        N/A       1%          3
d - Summon Ice Beast      Ice/Summ       44%        N/A       34%         4
e - Hailstorm             Conj/Ice       44%        3d10      34%         4

Your spell library contained the following spells:

 Spells                   Type           Power      Damage    Failure   Level
 Corpse Rot               Necr/Air       18%        N/A       26%         2
 Poisonous Vapours        Pois/Air       16%        N/A       26%         2
 Call Canine Familiar     Summ           7%         N/A       50%         3
 Gell's Gravitas          Tloc           8%         N/A       50%         3
 Portal Projectile        Hex/Tloc       16%        N/A       50%         3
 Teleport Other           Tloc           8%         N/A       50%         3
 Animate Armour           Summ/Erth      18%        N/A       86%         4
 Leda's Liquefaction      Hex/Erth       4%         N/A       86%         4
 Blade Hands              Tmut           4%         N/A       99%         5
 Silence                  Hex/Air        4%         N/A       99%         5
 Summon Mana Viper        Hex/Summ       8%         N/A       99%         5
 Dispersal                Tloc           4%         N/A       100%        6
 Iron Shot                Conj/Erth      4%         9d2       100%        6
 Monstrous Menagerie      Summ           3%         N/A       100%        7
 Chain Lightning          Conj/Air       4%         3d5       100%        9


Dungeon Overview and Level Annotations

Branches:
Dungeon (10/15)            Temple (1/1) D:5
   Lair: D:8-11         Orc: D:9-12

Altars:
Ashenzari
Cheibriados
Dithmenos
Elyvilon
Fedhas
Gozag
Hepliaklqana
Kikubaaqudgha
Makhleb
Nemelex Xobeh
Okawaru
Qazlal
Ru
Sif Muna
Trog
Uskayaw
Vehumet
Wu Jian
Xom
Yredelemnul
Zin
The Shining One

Shops:
D:4 [**!   D:10 [

Annotations:
D:3 3 runed translucent doors, Yorgos's ghost, amateur DrFi


Innate Abilities, Weirdness & Mutations

You are mostly covered in large bone plates. (SH +6)
Your demonic aura often causes spilled blood to erupt in flames.
You are partially covered in sharp spines.


Message History

Aim: an orc knight, wielding a +0 great mace, wearing a +0 plate armour and quivering bolts (heavily wounded, 68% to hit)
The puff of flame hits the orc knight.
The orc knight is heavily wounded.
You block the orc knight's attack.
Unknown command.
Aiming: Throw Flame
Press: ? - help, Shift-Dir - straight line, f/p - orc knight
Aim: an orc knight, wielding a +0 great mace, wearing a +0 plate armour and quivering bolts (heavily wounded, 68% to hit)
The puff of flame hits the orc knight!
The orc knight is severely wounded.
The orc knight hits you with a +0 great mace.
Unknown command.
Aiming: Throw Flame
Press: ? - help, Shift-Dir - straight line, f/p - orc knight
Aim: an orc knight, wielding a +0 great mace, wearing a +0 plate armour and quivering bolts (severely wounded, 68% to hit)
The puff of flame hits the orc knight but does no damage.
The orc knight is severely wounded.
You block the orc knight's attack.
Your magical contamination has completely faded away.
Unknown command.
Aiming: Minor Destruction (2% risk of failure)
Press: ? - help, Shift-Dir - straight line, f/p - orc knight
Aim: an orc knight, wielding a +0 great mace, wearing a +0 plate armour and quivering bolts (severely wounded)
The orc knight writhes in agony.
The orc knight hits you with a +0 great mace!
Unknown command.
Unknown command.
Aiming: Minor Destruction (2% risk of failure)
Press: ? - help, Shift-Dir - straight line, f/p - orc knight
Aim: an orc knight, wielding a +0 great mace, wearing a +0 plate armour and quivering bolts (severely wounded)
The puff of flame misses the orc knight.
You block the orc knight's attack.
Unknown command.
Unknown command.
Aiming: Minor Destruction (2% risk of failure)
Press: ? - help, Shift-Dir - straight line, f/p - orc knight
Aim: an orc knight, wielding a +0 great mace, wearing a +0 plate armour and quivering bolts (severely wounded)
The orc knight easily resists.
The orc knight hits you with a +0 great mace!!
You die...

######'#### #.### #...#
############# #######.###
#...#.......#
.......[..###.###.#.#####
.......o....#.....#.....#
..........#.'.#########.#
..........###.#..))...#.#
..........# #[#@#.#.###.#
..........# #.o)#.#.....#
########.## #######'#####
###...# ##.# #...###
##..# #..### #..##


oo.. ##.## #.######### #..# . .......######'######## You could see an orc
knight.

Vanquished Creatures
  A two-headed ogre (D:10)
  Pikel (D:4)
  2 centaur zombies (D:10)
  A troll (D:10)
  Grinder (D:4)
  A shadow (D:10)
  5 yaks (D:10)
  Edmund (D:5)
  2 acid dragons (D:8)
  7 orc warriors
  2 water moccasins
  A hornet zombie (D:8)
  A swamp drake (D:5)
  2 black bears (D:7)
  2 ogres
  2 centaurs
  A lemure (D:4)
  A phantom (D:6)
  Blork the orc (D:5)
  2 gnoll sergeants (D:7)
  3 scorpions
  A water moccasin zombie (D:5)
  10 killer bees
  11 wights
  2 howler monkeys (D:5)
  A gnoll shaman (D:9)
  A bullfrog zombie (D:5)
  3 orc priests
  2 jellies
  A centaur skeleton (D:6)
  3 iguanas
  Terence (D:2)
  5 orc wizards
  A scorpion zombie (D:5)
  A howler monkey zombie (D:3)
  A hound skeleton (D:4)
  Robin (D:4)
  A howler monkey skeleton (D:7)
  15 gnolls
  6 adders
  An ufetubus (D:7)
  2 adder skeletons (D:4)
  2 worms (D:2)
  4 dart slugs
  48 orcs
  7 ball pythons
  5 bats
  5 endoplasms
  4 giant cockroaches
  14 goblins
  7 hobgoblins
  7 jackals
  8 kobolds
  3 quokkas
  4 frilled lizards
  6 rats
234 creatures vanquished.

Vanquished Creatures (collateral kills)
  2 wights (D:9)
2 creatures vanquished.

Grand Total: 236 creatures vanquished

Notes
Turn   | Place    | Note
-------+----------+-------------------------------------------
     0 | D:1      | gruber the Demonspawn Ice Elementalist began the quest for
                  | the Orb.
     0 | D:1      | Reached XP level 1. HP: 13/13 MP: 3/3
   320 | D:1      | Reached skill level 4 in Ice Magic
   331 | D:1      | Gained mutation: Your demonic aura sometimes causes spilled
                  | blood to erupt in flames. [demonic ancestry]
   331 | D:1      | Reached XP level 2. HP: 15/19 MP: 1/5
   954 | D:1      | Reached XP level 3. HP: 24/24 MP: 2/6
  1026 | D:2      | You fall into a shaft and drop 1 floor!
  1075 | D:3      | Learned a level 3 spell: Frozen Ramparts
  1251 | D:3      | Found a runed translucent gate.
  1251 | D:3      | Found a runed translucent gate.
  1251 | D:3      | Found a runed translucent gate.
  1287 | D:3      | Reached XP level 4. HP: 29/30 MP: 7/7
  1570 | D:3      | Reached skill level 5 in Ice Magic
  1659 | D:3      | Noticed an orc warrior
  1694 | D:2      | Gained mutation: You are partially covered in large bone
                  | plates. (SH +4) [demonic ancestry]
  1694 | D:2      | Reached XP level 5. HP: 35/35 MP: 4/9
  1786 | D:2      | Noticed Terence
  1799 | D:2      | Killed Terence
  2273 | D:2      | Found an ornate altar of the Wu Jian Council.
  2568 | D:3      | Learned a level 3 spell: Ozocubu's Armour
  2835 | D:3      | Noticed Yorgos's ghost (amateur DrFi)
  2897 | D:3      | Killed an orc warrior
  2898 | D:3      | Reached skill level 6 in Ice Magic
  2898 | D:3      | Reached XP level 6. HP: 35/41 MP: 5/11
  3466 | D:4      | Found Kiamov's Assorted Antiques.
  3517 | D:4      | Found Xufat's General Store.
  3522 | D:4      | Noticed Pikel
  3546 | D:4      | Killed Pikel
  3547 | D:4      | Reached skill level 5 in Spellcasting
  3547 | D:4      | Reached skill level 7 in Ice Magic
  3547 | D:4      | Gained mutation: You are partially covered in sharp spines.
                  | [demonic ancestry]
  3547 | D:4      | Reached XP level 7. HP: 33/46 MP: 2/14
  3707 | D:4      | Noticed Robin
  3715 | D:4      | Killed Robin
  3837 | D:4      | Gained mutation: You are mostly covered in large bone
                  | plates. (SH +6) [demonic ancestry]
  3837 | D:4      | Reached XP level 8. HP: 52/52 MP: 11/16
  3874 | D:4      | Noticed Grinder
  3897 | D:4      | Paralysed by Grinder for 2 turns
  3913 | D:4      | Killed Grinder
  3914 | D:4      | Reached skill level 8 in Ice Magic
  4197 | D:4      | Found Ricw's Antique Armour Shoppe.
  4198 | D:4      | Found Fumiahu's Assorted Antiques.
  4257 | D:4      | Learned a level 4 spell: Summon Ice Beast
  4264 | D:4      | Learned a level 4 spell: Hailstorm
  4408 | D:4      | Found Nauw's Distillery.
  4474 | D:5      | Entered Level 5 of the Dungeon
  4691 | D:5      | Found a staircase to the Ecumenical Temple.
  4724 | Temple   | Entered the Ecumenical Temple
  5034 | Temple   | Became a worshipper of Makhleb the Destroyer
  5045 | D:5      | Noticed Edmund
  5053 | D:5      | Killed Edmund
  5459 | D:5      | Reached skill level 1 in Invocations
  5593 | D:5      | Reached XP level 9. HP: 65/65 MP: 11/18
  5678 | D:5      | Noticed Blork the orc
  5687 | D:5      | Killed Blork the orc
  6177 | D:6      | Identified the +1 kite shield "Cief" {Int+6}
  6246 | D:6      | Reached skill level 1 in Shields
  6411 | D:6      | Noticed a gargoyle
  6752 | D:7      | Reached * piety under Makhleb
  7437 | D:7      | Reached skill level 5 in Shields
  7511 | D:7      | Reached skill level 1 in Staves
  8256 | D:8      | Gained mutation: Your demonic aura often causes spilled
                  | blood to erupt in flames. [demonic ancestry]
  8256 | D:8      | Reached XP level 10. HP: 54/71 MP: 10/19
  8396 | D:8      | Found an iron altar of Okawaru.
  8643 | D:9      | Got the Papyrus of Air
  8826 | D:9      | Reached skill level 5 in Staves
  9435 | D:10     | Entered Level 10 of the Dungeon
  9448 | D:10     | Reached ** piety under Makhleb
  9486 | D:10     | Found Ocorgh's Armour Shop.
  9593 | D:10     | Reached skill level 5 in Dodging
  9804 | D:10     | Noticed a two-headed ogre
  9822 | D:10     | Killed a two-headed ogre
 10156 | D:10     | Reached *** piety under Makhleb
 10157 | D:10     | Reached skill level 1 in Armour
 10202 | D:10     | Noticed an orc knight
 10286 | D:10     | Slain by an orc knight

Illustrated notes

Levels and vault maps discovered:
D:1:      lightli_arrival_boilingwater, layout_loops_ring, dk_noncrumbling_3
D:2:      layout_rooms, basic_altar, nrook_mini_backslash, uniq_terence
D:3:      layout_basic, gammafunk_ghost_necromancy, st_stairs_6, nrook_uturn,
          minivault_14
D:4:      layout_rooms, serial_shops, nicolae_shop_crystal, shop, shop_coins,
          nicolae_diamond_shop, kennysheep_little_box,
          nicolae_figureground_pulse, uniq_robin, uniq_pikel, uniq_grinder
D:5:      layout_basic, minmay_temple_entry_sparse_star, minivault_4,
          uniq_edmund, uniq_blork_the_orc
D:6:      layout_basic, minmay_misc_feat_roman
D:7:      black_bear_nest_2, layout_loops_ring
D:8:      layout_cave_pools, mainiacjoe_overflow_catwalk, serial_bayou_pond_d,
          minivault_26
D:9:      layout_roguey
D:10:     layout_roguey [special_room_orc], david_orc_5, serial_shops,
          nicolae_take_the_stairs
Temple:   compressed_dpeg_triangle_lava_temple

Skill      XL: |  1  2  3  4  5  6  7  8  9 10 |
---------------+-------------------------------+-----
Ice Magic      | 4 5 6 7 8 |  8.3
Spellcasting   | 3 5 6 |  6.0
Dodging        | 3 7 |  7.1
Fighting       | 4 |  4.0
Invocations    | 2 3 |  3.9
Shields        | 5 |  5.1
Staves         | 4 6 |  6.2
Armour         | 1 |  1.3
Short Blades   | |  0.1
Long Blades    | |  0.1
Axes           | |  0.8
Slings         | |  0.1
Bows           | |  0.1
Crossbows      | |  0.1
Stealth        | |  1.7
Hexes          | |  0.1
Necromancy     | |  0.1
Translocations | |  0.1
Transmutations | |  0.1
Fire Magic     | |  0.2
Air Magic      | |  0.3
Earth Magic    | |  0.6
Poison Magic   | |  0.1

Action                   |  1- 3 |  4- 6 |  7- 9 | 10-12 || total
-------------------------+-------+-------+-------+-------++-------
Melee: Unarmed           |    22 |       |       |       ||    22
       Punch             |     3 |       |       |       ||     3
       Staff             |     6 |    39 |   163 |   152 ||   360
 Cast: Freeze            |    36 |    65 |    70 |     9 ||   180
       Frozen Ramparts   |     2 |     7 |    33 |    14 ||    56
       Ozocubu's Armour  |       |     2 |    20 |    16 ||    38
       Summon Ice Beast  |       |       |       |     3 ||     3
       Hailstorm         |       |       |       |     2 ||     2
Invok: Minor Destruction |       |       |       |     4 ||     4
Evoke: Wand              |       |       |     1 |     6 ||     7
Armor: Robe              |    16 |    35 |    58 |    43 ||   152
Dodge: Dodged            |    44 |    70 |    98 |    44 ||   256
Block: Other             |       |    11 |    29 |       ||    40
       Kite shield       |       |       |   139 |   152 ||   291

Table legend: (Time is in decaauts)
 A = Elapsed time spent in this place.
 B = Non-inter-level travel time spent in this place.
 C = Inter-level travel time spent in this place.
 D = Time resting spent in this place.
 E = Time spent auto-exploring this place.
 F = Levels seen in this place.
 G = Mean time per level.
                   A        B        C        D        E       F      G
               +--------+--------+--------+--------+--------+-----+--------+
         Total |  10343 |  10003 |    340 |    188 |   7946 |  11 |  940.3 |
       Dungeon |  10025 |   9701 |    324 |    188 |   7659 |  10 | 1002.5 |
        Temple |    317 |    302 |     15 |      0 |    287 |   1 |  317.0 |
               +--------+--------+--------+--------+--------+-----+--------+

Top non-repeatable levels by time:
     D:3: 1491 daAuts
     D:4: 1313 daAuts
     D:5: 1145 daAuts
     D:1: 1027 daAuts
     D:7: 988 daAuts
     D:8: 942 daAuts
    D:10: 856 daAuts
     D:9: 802 daAuts
     D:6: 799 daAuts
     D:2: 657 daAuts
  Temple: 317 daAuts
